 Dungeon Crawl Stone Soup version bcrawl-1.40.3b (webtiles) character file.

Game seed: 7390337063848196080

453639 petercordia the Geomancer (level 13, -7/137 HPs)
             Began as an Ent Earth Elementalist on Jan 7, 2024.
             Was a Priest of Uskayaw.
             Mangled by an earth elemental (8 damage)
             ... summoned by Jorgrun
             ... while petrified by Jorgrun
             ... on level 11 of the Dungeon on Jan 30, 2024.
             The game lasted 01:36:51 (16193 turns).

petercordia the Geomancer (Ent Earth Elementalist) Turns: 16193, Time: 01:36:52

Health: -7/137     AC: 22    Str: 16    XL:     13   Next: 60%
Magic:  2/28       EV:  1    Int: 21    God:    Uskayaw [***...]
Gold:   918        SH:  0    Dex: 10    Spells: 26/35 levels left

rFire    . . .     GDR:     31% a - +2 dagger (speed)
rCold    + . .     SeeInvis +   (no shield)
rNeg     + + +     Gourm    .   (armour unavailable)
rPois    ∞         Faith    .   (helmet restricted)
rElec    .         Spirit   .   Y - +1 cloak "Moymeinn" {+Inv rC+ rN+ rCorr}
rCorr    +         Reflect  .   (gloves unavailable)
MR       +....                  (boots unavailable)
Stlth    ++++......             W - amulet of the acrobat
HPRegen  0.32/turn              U - ring of wizardry
MPRegen  0.21/turn              s - ring of see invisible

@: petrified
A: large, slow actions, passwall, strong branches, negative energy resistance 3,
poison resistance, slow metabolism 1, torment resistance, unbreathing, AC +20
a: Passwall, Stomp, Line Pass, Renounce Religion, Evoke Invisibility


You were on level 11 of the Dungeon.
You worshipped Uskayaw.
Uskayaw was aware of your devotion.
You were near starving.

You visited 2 branches of the dungeon, and saw 15 of its levels.
You also visited: Sewer and Gauntlet.

You collected 918 gold pieces.

Inventory:

Hand Weapons
 a - a +2 dagger of speed (weapon)
 A - a +2 flail of protection
 N - a +0 giant club
 S - a +3 rapier of speed
Missiles
 b - 1681 stones (quivered)
 r - 15 curare-tipped needles
Armour
 Y - the +1 cloak "Moymeinn" (worn) {+Inv rC+ rN+ rCorr}
   (You found it in a Gauntlet)

   It protects you from cold.
   It protects you from negative energy.
   It lets you turn invisible.
   It provides partial protection from all sources of acid and corrosion.
Magical Staves
 B - an uncursed staff of power
Jewellery
 m - the ring of Roduvuem {+Fly MP+9 Str-2 Dex+2}
   (You found it on level 5 of the Dungeon)

   [ring of flight]

   It affects your strength (-2).
   It affects your dexterity (+2).
   It affects your magic capacity (+9).
   It lets you fly.
 s - a ring of see invisible (right hand)
 D - an uncursed ring of insulation
 T - the ring of the Coward {rPois rF+ rC- Int+2 Stlth--}
   (You found it in a Gauntlet)

   [ring of attention]

   It affects your intelligence (+2).
   It protects you from fire.
   It makes you vulnerable to cold.
   It protects you from poison.
   It makes you much less stealthy.
 U - a ring of wizardry (left hand)
 W - an amulet of the acrobat (around neck)
Wands
 u - a wand of paralysis (9)
 y - a wand of polymorph (3)
 J - a wand of flame (22)
 O - a wand of digging (8)
 R - a wand of scattershot (4)
 X - a wand of iceblast (6)
Scrolls
 d - 3 scrolls of enchant weapon
 i - 4 scrolls of teleportation
 n - 5 scrolls of fog
 o - 4 scrolls of remove curse
 p - 4 scrolls of enchant armour
 t - 2 scrolls of revelation
 w - 2 scrolls of blinking
 x - 5 scrolls of amnesia
 G - 3 scrolls of fear
 H - a scroll of silence
 M - 2 scrolls of noise
 P - a scroll of immolation
 V - 3 scrolls of summoning {unknown}
Potions
 c - a potion of magic {unknown}
 f - 9 potions of curing
 h - 2 potions of lignification {unknown}
 j - 2 potions of might {unknown}
 k - 2 potions of degeneration {unknown}
 l - 3 potions of brilliance
 q - a potion of experience {unknown}
 v - 3 potions of cancellation
 z - 4 potions of heal wounds
 C - 3 potions of flight
 E - 2 potions of agility {unknown}
 F - 3 potions of berserk rage
 K - 2 potions of mutation {unknown}
 L - a potion of ambrosia {unknown}
 Q - 2 potions of haste {unknown}
Miscellaneous
 g - a phial of floods (inert)
 I - a box of beasts
 Z - a sack of spiders
Comestibles
 e - 20 rations {!d}


   Skills:
 + Level 8.2 Fighting
 + Level 3.1 Short Blades
 + Level 7.2 Dodging
 + Level 9.4 Stealth
 - Level 1.0 Unarmed Combat
 * Level 11.9 Spellcasting
 - Level 3.0 Transmutations
 - Level 13.4 Earth Magic
 * Level 9.6 Invocations
 + Level 6.0 Evocations


You had 26 spell levels left.
You knew the following spells:

 Your Spells              Type           Power        Failure   Level  Hunger
c - Petrify               Tmut/Erth      #####.....   1%          4    None
d - Lee's Rapid Deconstr  Erth           ######....   1%          5    ###....

Your spell library contained the following spells:

 Spells                   Type           Power        Failure   Level  Hunger
 Sandblast                Erth           ######       0%          1    None
 Sticks to Snakes         Tmut           ####....     1%          2    None
 Stone Arrow              Conj/Erth      #####.       1%          3    None
 Apportation              Tloc           ##....       2%          1    None
 Corona                   Hex            ##.....      2%          1    None
 Infusion                 Chrm           ##......     2%          1    None
 Necrotize                Necr           ##....       2%          1    None
 Slow                     Hex            ##......     2%          1    None
 Summon Butterflies       Summ           ##......     2%          1    None
 Corpse Rot               Necr           N/A          3%          2    None
 Ensorcelled Hibernation  Hex/Ice        ##....       3%          2    None
 Call Canine Familiar     Summ           ##......     6%          3    None
 Recall                   Summ/Tloc      N/A          6%          3    None
 Summon Ice Beast         Ice/Summ       ##......     21%         4    None
 Borgnjor's Vile Clutch   Necr/Erth      #####.....   21%         6    ####...
 Summon Demon             Summ           ##........   50%         5    ###....
 Summon Forest            Summ/Tloc      ##........   50%         5    ###....
 Summon Mana Viper        Hex/Summ       ##......     50%         5    ###....
 Infestation              Hex/Tmut/Pois  ###......    89%         6    ####...
 Aura of Abjuration       Summ           ##........   96%         6    ####...
 Summon Hydra             Summ           ##........   96%         6    ####...
 Discord                  Hex            ##........   100%        7    ######.
 Monstrous Menagerie      Summ           ##........   100%        7    ######.
 Scorpion Form            Tmut/Pois      ###.......   100%        7    ######.
 Shadow Creatures         Summ           N/A          100%        7    ######.
 Beastly Appendage        Tmut           Unusable     N/A         1    N/A
 Passwall                 Tmut/Erth      Unusable     N/A         2    N/A
 Spider Form              Tmut/Pois      Unusable     N/A         3    N/A
 Ice Form                 Ice/Tmut       Unusable     N/A         4    N/A
 Blade Hands              Tmut           Unusable     N/A         5    N/A

Dungeon Overview and Level Annotations

Branches:
Dungeon (12/12)            Temple (0/1) D:7            Lair (3/6) D:9
  Swamp (0/3) Lair:2       Spider (0/3) Lair:3          Orc (0/1) D:9
 Vaults: D:11-12     Depths: D:12

Altars:
Ashenzari
Hepliaklqana
Nemelex Xobeh
Okawaru
Ru
Sif Muna
Uskayaw
Xom
The Shining One

Shops:
D:11 (

Annotations:
D:10 2 runed doors
D:11 Jorgrun
Lair:3 Rupert


Innate Abilities, Weirdness & Mutations

You move and act slowly.
You can pass through walls and trees.
Your branches can wield two-handed weapons with a shield.
Your thick bark is tough. (AC +20)
You are too large for most types of armour.
You are immune to negative energy. (rN+++)
Your system is resistant to poisons. (rPois)
You have a slow metabolism.
You are immune to unholy pain and torment.
You can survive without breathing.


Message History

* * * LOW HITPOINT WARNING * * *
Jorgrun crushes you.
* * * LOW HITPOINT WARNING * * *
The earth elemental hits you!
* * * LOW HITPOINT WARNING * * *
The earth elemental hits you!!
* * * LOW HITPOINT WARNING * * *
You have turned to stone.
Jorgrun points at you and mumbles some strange words.
Some walls begin to move on their own!
The earth elemental hits you!!
* * * LOW HITPOINT WARNING * * *
Jorgrun drinks a potion.
Jorgrun is healed!
The earth elemental hits you but does no damage.
The earth elemental hits you!
* * * LOW HITPOINT WARNING * * *
Jorgrun is no longer sharing his pain.
Jorgrun hits you but does no damage. Jorgrun crushes you.
* * * LOW HITPOINT WARNING * * *
The earth elemental hits you!
You die...

#...)...##########... #.#####.#
#(## ######### #.#####.## #...
#.......# #.##.....# #...
##.#####.# #........# ##.#
.......#.####.##.##..###### ##.#
##............E...E.......# #...
##.....#...##.#.E.#..####.# #...
#.....##.#.##...@g.....##.# #...
#...........###EE....#..#.# #...
#.#.#..♣♣♣.....##.........# #...
....#.♣# #♣....##.........####...
....|.♣ ♣.........#..#.........
..###.♣# #♣..........#...........
..###..♣♣♣..........##....(......
.∩..#.............#.##.##.###....
.##.#.##.......)..#.......# ##..>


You could see Jorgrun and 5 earth elementals.

Vanquished Creatures
  A minotaur (Gauntlet)
  Urug (D:10)
  2 hydras (D:10)
  Erica (D:9)
  A queen ant (Gauntlet)
  2 death yaks (Gauntlet)
  2 centaur warriors (D:11)
  A fire crab (D:11)
  A wizard (Gauntlet)
  A wolf spider zombie (D:11)
  2 deep elf magi
  2 oklob plants (Lair:2)
  An orc knight (D:12)
  3 ugly things
  A manticore (D:10)
  A torpor snail (Gauntlet)
  7 cane toads
  A kobold demonologist (D:10)
  A jumping spider (Lair:3)
  2 rime drakes
  3 komodo dragons
  3 trolls
  Maurice (D:10)
  A harpy skeleton (D:9)
  5 slime creatures (D:11)
  5 hippogriffs
  2 bog bodies (Lair:2)
  Grum (Lair:3)
  9 blink frogs
  A wraith (D:11)
  4 shadows
  Eustachio (D:6)
  37 yaks
  A wyvern (D:10)
  8 hogs
  A hungry ghost (D:10)
  A steam dragon (D:9)
  A human (D:7)
  3 basilisks
  A redback (Lair:3)
  Edmund (D:6)
  5 crocodiles
  5 water moccasins
  8 porcupines
  3 soldier ants (Gauntlet)
  9 orc warriors
  3 ice beasts
  A cane toad skeleton (D:10)
  3 black bears
  A necrophage (D:7)
  5 sky beasts
  An ice dragon simulacrum (Gauntlet)
  6 ogres
  3 phantoms
  9 wolves
  7 bullfrogs
  Blork the orc (D:4)
  2 kobold brigands
  6 centaurs
  A scorpion (D:5)
  2 hornet simulacra (Gauntlet)
  5 killer bees (D:6)
  3 wights (D:7)
  12 orc priests
  A howler monkey (D:9)
  3 jellies
  9 crimson imps
  A bullfrog zombie (D:7)
  6 hounds
  A quasit (D:6)
  A wyvern simulacrum (D:10)
  9 orc wizards
  2 bullfrog skeletons
  3 iguanas
  8 worker ants
  2 killer bee zombies
  2 worker ant zombies
  Robin (D:4)
  18 adders
  7 shadow imps
  2 white imps (Gauntlet)
  An ooze (D:4)
  An adder skeleton (D:4)
  An adder zombie (D:7)
  3 worms
  A dart slug (D:3)
  4 leopard geckos
  49 orcs
  4 ball pythons
  4 giant cockroaches
  11 goblins
  8 hobgoblins
  8 jackals
  13 kobolds
  4 quokkas
  4 bats
  10 frilled lizards
  A quokka zombie (D:5)
  7 rats (D:1)
435 creatures vanquished.

Vanquished Creatures (others)
  3 bushes (D:9)
  15 fungi
  27 plants
45 creatures vanquished.

Grand Total: 480 creatures vanquished

Notes
Turn   | Place    | Note
-------+----------+-------------------------------------------
     0 | D:1      | petercordia the Ent Earth Elementalist began the quest for
                  | the Orb.
     0 | D:1      | Reached XP level 1. HP: 18/18 MP: 3/3
   256 | D:1      | Reached XP level 2. HP: 26/26 MP: 5/5
  1157 | D:3      | Reached XP level 3. HP: 35/35 MP: 5/7
  1344 | D:3      | Reached skill level 1 in Fighting
  1344 | D:3      | Reached skill level 4 in Earth Magic
  1344 | D:3      | Reached XP level 4. HP: 44/44 MP: 3/9
  2097 | D:4      | Reached XP level 5. HP: 27/51 MP: 7/10
  2124 | D:4      | Learned a level 4 spell: Petrify
  2130 | D:4      | Learned a level 5 spell: Lee's Rapid Deconstruction
  2309 | D:4      | Noticed Robin
  2361 | D:4      | Killed Robin
  2579 | D:4      | Reached XP level 6. HP: 52/61 MP: 12/12
  2640 | D:4      | Reached skill level 5 in Earth Magic
  2683 | D:4      | Noticed Blork the orc
  2695 | D:4      | Killed Blork the orc
  3002 | D:5      | Entered Level 5 of the Dungeon
  3057 | D:5      | Got a scorched brass ring
  3059 | D:5      | Identified the ring of Roduvuem {+Fly MP+9 Str-2 Dex+2}
                  | (You found it on level 5 of the Dungeon)
  3170 | D:5      | Found a glowing drain.
  3189 | Sewer    | Entered a sewer
  3313 | Sewer    | Reached XP level 7. HP: 70/71 MP: 14/14
  3503 | Sewer    | Reached skill level 5 in Spellcasting
  3994 | D:5      | Reached skill level 6 in Earth Magic
  4505 | D:5      | Reached XP level 8. HP: 61/81 MP: 16/16
  4707 | D:6      | Found a shattered altar of Ashenzari.
  4886 | D:6      | Reached skill level 5 in Stealth
  4974 | D:6      | Found a sacrificial altar of Ru.
  5016 | D:6      | Reached skill level 7 in Earth Magic
  5204 | D:6      | Noticed Eustachio
  5216 | D:6      | Killed Eustachio
  5217 | D:6      | Reached skill level 8 in Earth Magic
  5239 | D:6      | Reached XP level 9. HP: 91/91 MP: 9/19
  5239 | D:6      | Noticed Edmund
  5322 | D:6      | Killed Edmund
  5323 | D:6      | Reached skill level 9 in Earth Magic
  5550 | D:6      | Found a glowing golden altar of the Shining One.
  5550 | D:6      | Found a hazy altar of Hepliaklqana.
  5558 | D:6      | Found a shimmering altar of Xom.
  5560 | D:6      | Found a hide-covered altar of Uskayaw.
  5561 | D:6      | Found a sparkling altar of Nemelex Xobeh.
  5620 | D:6      | Became a worshipper of Uskayaw the Reveler
  5831 | D:7      | Reached * piety under Uskayaw
  5882 | D:7      | Reached ** piety under Uskayaw
  5886 | D:7      | Reached *** piety under Uskayaw
  5904 | D:7      | Reached **** piety under Uskayaw
  6292 | D:7      | Found a staircase to the Ecumenical Temple.
  6393 | D:7      | Reached skill level 5 in Fighting
  6432 | D:7      | Reached ***** piety under Uskayaw
  6435 | D:7      | Reached skill level 10 in Earth Magic
  6438 | D:7      | Reached XP level 10. HP: 63/103 MP: 21/22
  6997 | D:8      | Reached skill level 1 in Invocations
  7167 | D:8      | Found an iron altar of Okawaru.
  7394 | D:8      | Reached skill level 5 in Dodging
  7664 | D:8      | Found a shimmering blue altar of Sif Muna.
  7813 | D:9      | Noticed Erica
  7881 | D:9      | Killed Erica
  7882 | D:9      | Noticed a red ugly thing
  7995 | D:8      | Killed a white ugly thing
  8209 | D:9      | Found a staircase to the Lair.
  8280 | D:9      | Reached skill level 11 in Earth Magic
  8376 | D:9      | Reached XP level 11. HP: 104/113 MP: 21/24
  8380 | D:9      | Reached skill level 5 in Invocations
  8838 | D:9      | Found a staircase to the Orcish Mines.
  8925 | D:10     | Entered Level 10 of the Dungeon
  9159 | D:10     | Reached skill level 10 in Spellcasting
  9211 | D:10     | Noticed Maurice
  9225 | D:10     | Killed Maurice
  9279 | D:10     | Noticed a deep elf mage
  9279 | D:10     | Noticed an eight-headed hydra
  9446 | D:10     | Noticed a four-headed hydra
  9455 | D:10     | Killed a four-headed hydra
  9662 | D:10     | Noticed Urug
  9667 | D:10     | Killed Urug
  9668 | D:10     | Reached skill level 1 in Short Blades
  9672 | D:10     | Noticed a cyan ugly thing
  9676 | D:10     | Noticed a white ugly thing
  9705 | D:10     | Killed an eight-headed hydra
  9783 | D:10     | Killed a cyan ugly thing
  9792 | D:10     | Killed a cyan ugly thing
 10039 | D:10     | Killed a deep elf mage
 10040 | D:10     | Reached skill level 12 in Earth Magic
 10040 | D:10     | Reached XP level 12. HP: 127/127 MP: 26/26
 10119 | D:10     | Found a large runed door.
 10120 | D:10     | Found a large runed door.
 10182 | Lair:1   | Entered Level 1 of the Lair of Beasts
 10317 | Lair:1   | Found a gate leading to a gauntlet.
 10332 | Gauntlet | Entered a Gauntlet
 10332 | Gauntlet | Found a transporter.
 10332 | Gauntlet | Found a transporter.
 10335 | Gauntlet | Noticed a queen ant
 10336 | Gauntlet | Found a transporter.
 10342 | Gauntlet | Found a transporter.
 10360 | Gauntlet | Found a transporter.
 10360 | Gauntlet | Found a transporter.
 10396 | Gauntlet | Found a transporter.
 10504 | Gauntlet | Found a transporter.
 10508 | Gauntlet | Found a transporter.
 10522 | Gauntlet | Noticed a death yak
 10522 | Gauntlet | Noticed a death yak
 10524 | Gauntlet | Found a transporter.
 10606 | Gauntlet | Killed a queen ant
 10618 | Gauntlet | Got a warped ivory ring
 10627 | Gauntlet | Identified the cursed ring of the Coward {rPois rF+ rC-
                  | Int+2 Stlth--} (You found it in a Gauntlet)
 10744 | Gauntlet | Got a vibrating bone ring
 10751 | Gauntlet | Identified the cursed ring "Ymago" {Ice rN+ Int-5 Dex+4}
                  | (You found it in a Gauntlet)
 10809 | Gauntlet | Got a transparent cloak
 10821 | Gauntlet | Identified the +2 cloak of Peodo {rN++ Str+2} (You found it
                  | in a Gauntlet)
 10980 | Gauntlet | Killed a death yak
 10981 | Gauntlet | Reached skill level 13 in Earth Magic
 10984 | Gauntlet | Killed a death yak
 10993 | Gauntlet | Got a polished cloak
 11007 | Gauntlet | Identified the +1 cloak "Moymeinn" {+Inv rC+ rN+ rCorr}
                  | (You found it in a Gauntlet)
 11042 | Gauntlet | Noticed a minotaur
 11051 | Gauntlet | Killed a minotaur
 11126 | Gauntlet | Identified a scroll of acquirement
 11126 | Gauntlet | Identified the ring "Jipt" {*Corrode rF+ rC+ Slay+2} (You
                  | acquired it in a Gauntlet)
 11126 | Gauntlet | Identified the Compendium of Dark Execration (You acquired
                  | it in a Gauntlet)
 11435 | Lair:1   | Reached skill level 5 in Evocations
 12629 | Lair:2   | Found a staircase to the Swamp.
 12985 | Lair:2   | Reached XP level 13. HP: 128/135 MP: 10/28
 13938 | Lair:3   | Found a hole to the Spider Nest.
 14356 | Lair:3   | Noticed Grum
 14390 | Lair:3   | Killed Grum
 14533 | Lair:3   | Noticed Rupert
 15841 | D:11     | Found Monaumem's Antique Weapon Shop.
 16022 | D:12     | Entered Level 12 of the Dungeon
 16061 | D:12     | Noticed Jorgrun
 16192 | D:11     | HP: 3/137 [earth elemental[Jorgrun] (5)]
 16193 | D:11     | HP: 1/137 [Jorgrun/uncursed staff of earth (2)]
 16193 | D:11     | Mangled by an earth elemental

Skill      XL: |  1  2  3  4  5  6  7  8  9 10 11 12 13 |
---------------+----------------------------------------+-----
Dodging        | 2 3 4 5 6 7 |  7.2
Spellcasting   | 3 4 5 6 8 9 10 11 | 11.9
Fighting       | 1 2 3 4 5 6 7 8 |  8.2
Earth Magic    | 4 5 6 8 10 11 12 13 | 13.4
Stealth        | 3 4 5 6 7 8 9 |  9.4
Transmutations | 2 3 |  3.0
Invocations    | 4 7 8 9 |  9.6
Short Blades   | 1 2 3 |  3.1
Evocations     | 5 6 |  6.0
Unarmed Combat | |  1.0

Action                   |  1- 3 |  4- 6 |  7- 9 | 10-12 | 13-15 || total
-------------------------+-------+-------+-------+-------+-------++-------
Melee: Unarmed           |    83 |    14 |       |       |       ||    97
       Dagger            |       |   206 |   398 |   599 |   308 ||  1511
       Punch             |       |     1 |     1 |     4 |     2 ||     8
       Staff             |       |       |       |     1 |       ||     1
       Rapier            |       |       |       |       |    14 ||    14
Throw: Stone             |       |       |       |     1 |       ||     1
 Cast: Sandblast         |     7 |    26 |   106 |     4 |       ||   143
       Lee's Rapid Decon |       |       |    18 |    76 |    31 ||   125
       Petrify           |       |       |     9 |    89 |    71 ||   169
Invok: Line Pass         |       |       |       |       |     1 ||     1
 Abil: Passwall          |       |     1 |     1 |    13 |     6 ||    21
       Lunge             |       |       |     1 |     5 |     4 ||    10
       Evoke Invisibilit |       |       |       |       |     2 ||     2
Evoke: Wand              |       |       |       |     4 |     1 ||     5
       Phial of floods   |       |       |       |       |     1 ||     1
  Use: Scroll            |       |     5 |     2 |    10 |     6 ||    23
       Potion            |       |       |       |     2 |       ||     2
 Stab: Sleeping          |    14 |    14 |     4 |    19 |     6 ||    57
       Distracted        |       |     1 |     1 |     1 |       ||     3
       Petrified         |       |       |    24 |   136 |    85 ||   245
       Petrifying        |       |       |     3 |    29 |    19 ||    51
       Paralysed         |       |       |     3 |    13 |     6 ||    22
       Invisible         |       |       |       |       |     2 ||     2
  Eat: Chunk             |     3 |    10 |    22 |    32 |    18 ||    85
       Ration            |       |       |       |     4 |       ||     4
Armor: Skin              |    46 |   135 |   235 |   241 |   170 ||   827
Dodge: Dodged            |    40 |   138 |   308 |   318 |   184 ||   988
